 Dungeon Crawl Stone Soup version 0.30.1-9-gdf580d7c3d (webtiles) character file.

Game seed: 13438542990751969730

2030 jagang the Trooper (level 9, 0/72 HPs)
             Began as a Human Monk on Oct 11, 2023.
             Was an Elder of Okawaru.
             Succumbed to a gnoll sergeant's poison
             ... on level 7 of the Dungeon.
             The game lasted 00:17:02 (6973 turns).

jagang the Trooper (Human Monk)                     Turns: 6973, Time: 00:17:03

Health: 0/72       AC: 13    Str: 12    XL:     9   Next: 47%
Magic:  20/21      EV: 11    Int: 11    God:    Okawaru [****..]
Gold:   487        SH:  0    Dex: 19    Spells: 8/8 levels left

rFire   . . .        B - +0 long sword
rCold   . . .        d - orb {light}
rNeg    . . .        j - +0 chain mail
rPois   .            (no helmet)
rElec   .            t - +1 cloak
rCorr   .            (no gloves)
SInv    +            (no boots)
Will    .....        (no amulet) Stlth
                     i - ring of magical power
HPRegen 0.32/turn    F - ring of see invisible
MPRegen 0.17/turn

%: no passive effects
@: lethally poisoned (0 -> -15), heroic, glowing
A: no striking features
a: Renounce Religion, Heroism, Finesse


You were on level 7 of the Dungeon.
You worshipped Okawaru.
Okawaru was greatly pleased with you.
You visited 2 branches of the dungeon, and saw 8 of its levels.

You collected 487 gold pieces.

Inventory:

Hand Weapons
 o - a +1 falchion of protection
 q - a +2 rapier of speed
 B - a +0 long sword (weapon)
 G - a +2 hand axe of flaming
Missiles
 b - 4 boomerangs
 v - 6 curare-tipped darts
 C - 5 poisoned darts
 D - 3 javelins (quivered)
Armour
 d - an orb of light (worn)
 j - a +0 chain mail (worn)
 t - a +1 cloak (worn)
Jewellery
 i - a ring of magical power (left hand)
 r - an amulet of faith
 y - a +6 ring of intelligence
 F - a ring of see invisible (right hand)
Scrolls
 e - a scroll of immolation
 g - 2 scrolls of amnesia
 h - 2 scrolls of vulnerability
 k - 2 scrolls of teleportation
 l - 4 scrolls of enchant weapon
 m - 2 scrolls of noise
 n - a scroll of fear
 p - a scroll of enchant armour
 A - a scroll of poison
 E - a scroll of magic mapping {unknown}
Potions
 a - 3 potions of curing
 c - 2 potions of ambrosia
 f - 2 potions of attraction {unknown}
 s - 2 potions of flight {unknown}
 u - a potion of resistance {unknown}
 w - a potion of haste {unknown}
 x - a potion of berserk rage {unknown}
 z - a potion of brilliance {unknown}


   Skills:
 * Level 7.0(12.0) Fighting
 * Level 7.0(12.0) Long Blades
 + Level 1.8(6.8) Throwing
 + Level 4.0(9.0) Armour
 + Level 5.3(10.3) Dodging
 + Level 4.2 Invocations


You had 8 spell levels left.
You didn't know any spells.
Your spell library contained the following spells:

 Spells                   Type           Power      Damage    Failure   Level
 Necrotise                Necr           0%         1d4       99%         1
 Portal Projectile        Hex/Tloc       0%         N/A       100%        3
 Vampiric Draining        Necr           0%         2d6       100%        3
 Leda's Liquefaction      Hex/Erth       0%         N/A       100%        4
 Passage of Golubria      Tloc           0%         N/A       100%        4
 Agony                    Necr           0%         N/A       100%        5
 Silence                  Hex/Air        0%         N/A       100%        5
 Lehudib's Crystal Spear  Conj/Erth      0%         10d2      100%        8
 Call Canine Familiar     Summ           Unusable   N/A       N/A         3

Dungeon Overview and Level Annotations

Branches:
Dungeon (7/15)             Temple (1/1) D:4

Altars:
Ashenzari
Cheibriados
Dithmenos
Elyvilon
Fedhas
Gozag
Hepliaklqana
Kikubaaqudgha
Makhleb
Nemelex Xobeh
Okawaru
Qazlal
Ru
Trog
Uskayaw
Vehumet
Wu Jian
Xom
Yredelemnul
Zin


Message History

The orc wizard mumbles some strange words.
The orc wizard flickers and vanishes for a moment.
The gnoll sergeant hits you but does no damage.
You hit the gnoll sergeant.
The gnoll sergeant is lightly wounded.
You feel sick.
You slash the gnoll sergeant!
The gnoll sergeant is moderately wounded.
You feel sick.
The gnoll sergeant hits you with a +3 spear of venom.
* * * LOW HITPOINT WARNING * * *
You are lethally poisoned!
You feel better.
The gnoll sergeant hits you but does no damage.
You are poisoned.
You hit the gnoll sergeant.
The gnoll sergeant is moderately wounded.
You feel sick.
The gnoll sergeant hits you with a +3 spear of venom.
* * * LOW HITPOINT WARNING * * *
You are more poisoned.
You hit the gnoll sergeant but do no damage.
The gnoll sergeant is moderately wounded.
You feel sick.
The gnoll sergeant completely misses you.
You slash the gnoll sergeant!
The gnoll sergeant is almost dead.
You feel sick.
The gnoll sergeant hits you with a +3 spear of venom!
* * * LOW HITPOINT WARNING * * *
You are more poisoned.
The orc wizard casts a spell.
The orc wizard flickers and vanishes for a moment.
You hit the gnoll sergeant but do no damage.
The gnoll sergeant is almost dead.
* * * LOW HITPOINT WARNING * * *
You feel very sick.
You hit the gnoll sergeant.
The gnoll sergeant is almost dead.
You die... # ....## # ..... # o... # oo. # ##K. # #Kg

# #g# ###### ### #g# ##.....
).# #@# ##..#### #[## #####.#
###..## #..#########.....#
##...##
##.##...........#######.†#####
#.##.....##........##.......#
#.##.....##........##.......#
#..#.....##.................#
##.#.....#####.#....#.......#
#.......#.......####.......#


You could see a gnoll sergeant, 2 orc wizards, 2 gnolls, an orc and 2 kobolds.

Vanquished Creatures
  Grinder (D:5)
  Eustachio (D:5)
  Edmund (D:4)
  A sky beast (D:6)
  A centaur (D:7)
  3 kobold brigands
  A phantom (D:5)
  A bullfrog (D:7)
  2 scorpions
  5 howler monkeys
  4 hounds
  A jelly (D:7)
  4 orc priests
  Crazy Yiuf (D:4)
  An iguana (D:5)
  6 orc wizards
  8 adders
  5 gnolls
  2 shadow imps (D:7)
  2 worms
  4 dart slugs
  21 orcs
  9 bats
  7 endoplasms
  5 giant cockroaches
  4 goblins
  5 hobgoblins
  10 jackals
  5 quokkas
  6 ball pythons
  5 frilled lizards
  11 kobolds
  5 rats
148 creatures vanquished.

Notes
Turn   | Place    | Note
-------+----------+-------------------------------------------
     0 | D:1      | jagang the Human Monk began the quest for the Orb.
     0 | D:1      | Reached XP level 1. HP: 18/18 MP: 1/1
    88 | D:1      | Reached XP level 2. HP: 24/24 MP: 2/2
   363 | D:1      | Reached XP level 3. HP: 14/29 MP: 3/3
  1089 | D:2      | Found a faded altar of an unknown god.
  1151 | D:2      | Reached skill level 1 in Armour
  1189 | D:2      | Reached XP level 4. HP: 35/36 MP: 4/4
  2115 | D:3      | Reached XP level 5. HP: 42/42 MP: 5/5
  2671 | D:3      | Found an opulent altar of Gozag.
  3047 | D:3      | Found an ancient bone altar of Kikubaaqudgha.
  3153 | D:4      | Found a staircase to the Ecumenical Temple.
  3194 | Temple   | Entered the Ecumenical Temple
  3261 | Temple   | Became a worshipper of Warmaster Okawaru
  3261 | Temple   | Reached * piety under Okawaru
  3261 | Temple   | Reached ** piety under Okawaru
  3274 | D:4      | Found a bloodstained altar of Trog.
  3290 | D:4      | Reached skill level 1 in Invocations
  3332 | D:4      | Reached XP level 6. HP: 39/48 MP: 6/6
  3478 | D:4      | Noticed Edmund
  3492 | D:4      | HP: 2/49 [Edmund/+3 heavy dire flail (9)]
  3504 | D:4      | Killed Edmund
  3505 | D:4      | Reached XP level 7. HP: 42/55 MP: 8/8
  3558 | D:4      | Found an ornate altar of the Wu Jian Council.
  3913 | D:4      | Found a runed translucent door.
  3914 | D:4      | Noticed Crazy Yiuf
  3922 | D:4      | Killed Crazy Yiuf
  3999 | D:5      | Entered Level 5 of the Dungeon
  4023 | D:5      | Noticed Grinder
  4047 | D:5      | Killed Grinder
  4047 | D:5      | Reached *** piety under Okawaru
  4048 | D:5      | Reached skill level 5 in Fighting
  4048 | D:5      | Reached skill level 5 in Long Blades
  4269 | D:5      | Reached XP level 8. HP: 56/63 MP: 10/10
  4445 | D:5      | Noticed Eustachio
  4463 | D:5      | Killed Eustachio
  5124 | D:6      | Reached **** piety under Okawaru
  5335 | D:6      | Found a hide-covered altar of Uskayaw.
  6059 | D:7      | Reached XP level 9. HP: 55/70 MP: 11/11
  6129 | D:7      | Reached skill level 5 in Dodging
  6148 | D:7      | HP: 3/71 [poisoned by a gnoll]
  6472 | D:7      | Reached skill level 1 in Throwing
  6961 | D:7      | Reached ***** piety under Okawaru
  6972 | D:7      | HP: 2/72 [poisoned by a gnoll sergeant]
  6973 | D:7      | Succumbed to a gnoll sergeant's poison

Illustrated notes

Levels and vault maps discovered:
D:1:      ncdulo_wetmaze, layout_loops_ring, nicolae_kite_square_tiling_tiny
D:2:      layout_basic, ebering_ecumenical_altar_rust
D:3:      layout_basic, mainiacjoe_overflow_alcove_4,
          nicolae_gozag_cash_rules_everything_around_me, chequers_garden,
          nrook_uturn, glass_columns_b, columned_hall_lemuel
D:4:      layout_rooms, nicolae_wu_jian_wuxing_cycle,
          mainiacjoe_overflow_catwalk, minmay_temple_entry_gardened_gates,
          kennysheep_generic_room_3, uniq_edmund, uniq_crazy_yiuf_cottage
D:5:      layout_loops_ring, uniq_eustachio, uniq_grinder
D:6:      layout_loops_corners, mainiacjoe_overflow_paths
D:7:      layout_basic
Temple:   eino_wide_crystal_templ

Skill      XL: |  1  2  3  4  5  6  7  8  9 |
---------------+----------------------------+-----
Armour         | 1 2 3 4 |  4.0
Fighting       | 4 5 6 7 |  7.0
Long Blades    | 4 5 6 7 |  7.0
Invocations    | 1 2 3 4 |  4.2
Dodging        | 4 5 |  5.3
Throwing       | 1 |  1.8

Action                     |  1- 3 |  4- 6 |  7- 9 || total
---------------------------+-------+-------+-------++-------
  Melee: Falchion          |   107 |   111 |       ||   218
         Rapier            |       |    47 |   176 ||   223
         Long sword        |       |       |   112 ||   112
  Throw: Javelin           |       |     7 |     6 ||    13
         Dart              |       |       |     2 ||     2
         Boomerang         |       |       |     2 ||     2
 Invoke: Heroism           |       |       |     2 ||     2
    Use: Potion            |       |     3 |     1 ||     4
         Scroll            |       |     1 |     9 ||    10
 Armour: Ring mail         |    20 |       |       ||    20
         Chain mail        |    39 |    80 |   120 ||   239
  Dodge: Dodged            |    66 |    61 |    96 ||   223
